| TOP OF THE 1ST |
|
Hamilton Cardinals batting - Pitching for Winnipeg Goldeyes : RHP Kanenori Ikeda Jr.
|
|
Pitching: RHP Kanenori Ikeda Jr.
|
|
|
Batting: SHB Kelly Brooks
|
0-0: Ball 1-0: Called Strike 1-1: Fly out, F9 (Flyball, 9S, EV 96.9 MPH)
|
|
Batting: LHB Rafael Banda
|
0-0: Ground out 4-3 (Groundball, 4, EV 85.6 MPH)
|
|
Batting: RHB Shou-feng Chang
|
0-0: Ball 1-0: Foul Ball, location: 2F 1-1: Fly out, F8 (Flyball, 8RS, EV 91.2 MPH)
|
| Top of the 1st over - 0 runs, 0 hits, 0 errors, 0 left on base; Hamilton 0 - Winnipeg 0 |
| BOTTOM OF THE 1ST |
|
Winnipeg Goldeyes batting - Pitching for Hamilton Cardinals : LHP J.T. Ready
|
|
Pitching: LHP J.T. Ready
|
|
|
Batting: RHB Settan Nakamura
|
0-0: Called Strike 0-1: Fly out, F8 (Line Drive, 8LM, EV 84.4 MPH)
|
|
Batting: RHB Yu-zeng Mai
|
0-0: Called Strike 0-1: Ball 1-1: Foul Ball, location: 2F 1-2: Strikes out swinging
|
|
Batting: SHB Victor Turrubiate
|
0-0: Fly out, F9 (Flyball, 89S, EV 83.1 MPH)
|
| Bottom of the 1st over - 0 runs, 0 hits, 0 errors, 0 left on base; Hamilton 0 - Winnipeg 0 |
| TOP OF THE 2ND |
|
Hamilton Cardinals batting - Pitching for Winnipeg Goldeyes : RHP Kanenori Ikeda Jr.
|
|
Batting: RHB Kyle Franken
|
0-0: Ball 1-0: Foul Ball, location: 2F 1-1: Ball 2-1: Ball 3-1: Base on Balls
|
|
Batting: RHB Matt Shaw
|
0-0: Ball 1-0: Ball 2-0: Ball 3-0: Base on Balls Kyle Franken to second
|
|
Batting: RHB Oscar Higareda
|
0-0: Ball 1-0: Ball Wild Pitch! Kyle Franken to third Matt Shaw to second 2-0: SINGLE (Line Drive, 7S, EV 94.4 MPH) Kyle Franken scores Matt Shaw to third Runner from 3rd tries for Home, SAFE, throw by LF to home
|
|
Batting: SHB J.T. Ready
|
0-0: Ball 1-0: Called Strike 1-1: Ball 2-1: Called Strike 2-2: Foul Ball, location: 2F 2-2: Ball 3-2: Base on Balls Oscar Higareda to second
|
|
Batting: SHB Brad Meyer
|
0-0: Foul Ball, location: 2F 0-1: Hit by Pitch Oscar Higareda to third J.T. Ready to second
|
|
Batting: SHB Felipe Campanella
|
0-0: Ball 1-0: Swinging Strike 1-1: Foul Ball, location: 2F 1-2: Strikes out swinging
|
|
Batting: SHB Kelly Brooks
|
0-0: Ball 1-0: Ball 2-0: Swinging Strike 2-1: Swinging Strike 2-2: Ball Wild Pitch! Oscar Higareda scores J.T. Ready to third Brad Meyer to second 3-2: Strikes out swinging
|
|
Batting: LHB Rafael Banda
|
0-0: Called Strike 0-1: Foul Ball, location: 2F 0-2: SINGLE (Line Drive, 56, EV 95.6 MPH) J.T. Ready scores Brad Meyer to third Runner from 3rd tries for Home, SAFE, throw by LF to home
|
|
Batting: RHB Shou-feng Chang
|
0-0: Ball 1-0: Foul Ball, location: 2F 1-1: Ball 2-1: Ball 3-1: SINGLE (Groundball, 6MD, EV 100.0 MPH) Rafael Banda to second
|
|
Batting: RHB Kyle Franken
|
0-0: Ball 1-0: Swinging Strike 1-1: Swinging Strike 1-2: Ball 2-2: Strikes out looking
|
| Top of the 2nd over - 5 runs, 3 hits, 0 errors, 2 left on base; Hamilton 5 - Winnipeg 0 |
| BOTTOM OF THE 2ND |
|
Winnipeg Goldeyes batting - Pitching for Hamilton Cardinals : LHP J.T. Ready
|
|
Batting: RHB Terry Oetker
|
0-0: Ground out 6-3 (Groundball, 6S, EV 81.2 MPH)
|
|
Batting: RHB Alejandro de Jesus
|
0-0: Ball 1-0: Ball 2-0: Ball 3-0: Called Strike 3-1: SINGLE (Groundball, 13S, EV 67.5 MPH) (infield hit)
|
|
Batting: RHB Ned Scovell
|
0-0: Ball 1-0: Called Strike 1-1: Called Strike Alejandro de Jesus steals 2nd base 1-2: Strikes out looking
|
|
Batting: RHB Calvin Day
|
0-0: Called Strike 0-1: Called Strike 0-2: Ball Wild Pitch! Alejandro de Jesus to third 1-2: Foul Ball, location: 2F 1-2: Strikes out swinging
|
| Bottom of the 2nd over - 0 runs, 1 hit, 0 errors, 1 left on base; Hamilton 5 - Winnipeg 0 |
| TOP OF THE 3RD |
|
Hamilton Cardinals batting - Pitching for Winnipeg Goldeyes : RHP Kanenori Ikeda Jr.
|
|
Batting: RHB Matt Shaw
|
0-0: Called Strike 0-1: Ball 1-1: Called Strike 1-2: Fly out, F9 (Flyball, 9D, EV 100.0 MPH)
|
|
Batting: RHB Oscar Higareda
|
0-0: Called Strike 0-1: Called Strike 0-2: Strikes out swinging
|
|
Batting: SHB J.T. Ready
|
0-0: Ball 1-0: Called Strike 1-1: Ball 2-1: Ball 3-1: Base on Balls
|
|
Batting: SHB Brad Meyer
|
Pickoff Throw to First - Out! 1-3
|
| Top of the 3rd over - 0 runs, 0 hits, 0 errors, 0 left on base; Hamilton 5 - Winnipeg 0 |
| BOTTOM OF THE 3RD |
|
Winnipeg Goldeyes batting - Pitching for Hamilton Cardinals : LHP J.T. Ready
|
|
Batting: RHB Andy Valenzuela
|
0-0: Ball 1-0: Swinging Strike 1-1: Foul Ball, location: 2F 1-2: Strikes out swinging
|
|
Batting: RHB Ricky Saucedo
|
0-0: Ball 1-0: Foul Ball, location: 2F 1-1: Swinging Strike 1-2: Ball 2-2: Strikes out swinging
|
|
Batting: RHB Settan Nakamura
|
0-0: Called Strike 0-1: Foul Ball, location: 2F 0-2: Ball 1-2: Fly out, F6 (Popup, 6, EV 58.8 MPH)
|
| Bottom of the 3rd over - 0 runs, 0 hits, 0 errors, 0 left on base; Hamilton 5 - Winnipeg 0 |
| TOP OF THE 4TH |
|
Hamilton Cardinals batting - Pitching for Winnipeg Goldeyes : RHP Kanenori Ikeda Jr.
|
|
Batting: SHB Brad Meyer
|
0-0: Ball 1-0: Foul Ball, location: 2F 1-1: Ball 2-1: Swinging Strike 2-2: Strikes out swinging
|
|
Batting: SHB Felipe Campanella
|
0-0: Called Strike 0-1: Ball 1-1: Foul Ball, location: 2F 1-2: Foul Ball, location: 2F 1-2: Strikes out swinging
|
|
Batting: SHB Kelly Brooks
|
0-0: Ball 1-0: Ball 2-0: Called Strike 2-1: Ball 3-1: Base on Balls
|
|
Batting: LHB Rafael Banda
|
0-0: 2-RUN HOME RUN (Flyball, 7D, EV 100.0 MPH), Distance : 386 ft
|
|
Pitching: RHP Ryan Kraemer
|
|
|
Batting: RHB Shou-feng Chang
|
0-0: Called Strike 0-1: Ball 1-1: Swinging Strike 1-2: Strikes out looking
|
| Top of the 4th over - 2 runs, 1 hit, 0 errors, 0 left on base; Hamilton 7 - Winnipeg 0 |
| BOTTOM OF THE 4TH |
|
Winnipeg Goldeyes batting - Pitching for Hamilton Cardinals : LHP J.T. Ready
|
|
Batting: RHB Yu-zeng Mai
|
0-0: Ball 1-0: Ball 2-0: Ground out 3-1 (Groundball, 13, EV 79.4 MPH)
|
|
Batting: SHB Victor Turrubiate
|
0-0: Called Strike 0-1: Ball 1-1: Called Strike 1-2: Strikes out swinging
|
|
Batting: RHB Terry Oetker
|
0-0: Ball 1-0: Ball 2-0: Called Strike 2-1: Swinging Strike 2-2: Strikes out looking
|
| Bottom of the 4th over - 0 runs, 0 hits, 0 errors, 0 left on base; Hamilton 7 - Winnipeg 0 |
| TOP OF THE 5TH |
|
Hamilton Cardinals batting - Pitching for Winnipeg Goldeyes : RHP Ryan Kraemer
|
|
Batting: RHB Kyle Franken
|
0-0: Ball 1-0: Ball 2-0: Ball 3-0: Called Strike 3-1: Base on Balls
|
|
Batting: RHB Matt Shaw
|
0-0: Ball 1-0: DOUBLE (Line Drive, 3D, EV 94.4 MPH) Kyle Franken to third
|
|
Batting: RHB Oscar Higareda
|
0-0: Called Strike 0-1: Foul Ball, location: 2F 0-2: Ball 1-2: Ball 2-2: Foul Ball, location: 2F 2-2: Foul Ball, location: 2F 2-2: Ball 3-2: Strikes out swinging
|
|
Batting: SHB J.T. Ready
|
0-0: Ball 1-0: Foul Ball, location: 2F 1-1: Ball 2-1: Fly out, F7 (Flyball, 78M, EV 77.5 MPH)
|
|
Batting: SHB Brad Meyer
|
0-0: Swinging Strike 0-1: Swinging Strike 0-2: Ball 1-2: Foul Ball, location: 2F 1-2: Strikes out looking
|
| Top of the 5th over - 0 runs, 1 hit, 0 errors, 2 left on base; Hamilton 7 - Winnipeg 0 |
| BOTTOM OF THE 5TH |
|
Winnipeg Goldeyes batting - Pitching for Hamilton Cardinals : LHP J.T. Ready
|
|
Batting: RHB Alejandro de Jesus
|
0-0: Fly out, F9 (Flyball, 9S, EV 71.9 MPH)
|
|
Batting: RHB Ned Scovell
|
0-0: Ball 1-0: Ball 2-0: Ball 3-0: Called Strike 3-1: Called Strike 3-2: Foul Ball, location: 2F 3-2: Fly out, F9 (Flyball, 89M, EV 79.4 MPH)
|
|
Batting: RHB Calvin Day
|
0-0: Swinging Strike 0-1: Foul Ball, location: 2F 0-2: Ball 1-2: Ball 2-2: Ball 3-2: Strikes out swinging
|
| Bottom of the 5th over - 0 runs, 0 hits, 0 errors, 0 left on base; Hamilton 7 - Winnipeg 0 |
| TOP OF THE 6TH |
|
Hamilton Cardinals batting - Pitching for Winnipeg Goldeyes : RHP Ryan Kraemer
|
|
Batting: SHB Felipe Campanella
|
0-0: Fly out, F8 (Flyball, 78S, EV 85.0 MPH)
|
|
Batting: SHB Kelly Brooks
|
0-0: Swinging Strike 0-1: Foul Ball, location: 2F 0-2: Ball 1-2: Ball 2-2: Foul Ball, location: 2F 2-2: Strikes out swinging
|
|
Batting: LHB Rafael Banda
|
0-0: Ball 1-0: Called Strike 1-1: Called Strike 1-2: Strikes out swinging
|
| Top of the 6th over - 0 runs, 0 hits, 0 errors, 0 left on base; Hamilton 7 - Winnipeg 0 |
| BOTTOM OF THE 6TH |
|
Winnipeg Goldeyes batting - Pitching for Hamilton Cardinals : LHP J.T. Ready
|
|
Batting: RHB Andy Valenzuela
|
0-0: Called Strike 0-1: Foul Ball, location: 2F 0-2: Ball 1-2: Strikes out swinging
|
|
Batting: RHB Ricky Saucedo
|
0-0: Ball 1-0: Foul Ball, location: 2F 1-1: Foul Ball, location: 2F 1-2: Ball 2-2: Strikes out swinging
|
|
Batting: RHB Settan Nakamura
|
0-0: Called Strike 0-1: Called Strike 0-2: Ball 1-2: Foul Ball, location: 2F 1-2: Strikes out swinging
|
| Bottom of the 6th over - 0 runs, 0 hits, 0 errors, 0 left on base; Hamilton 7 - Winnipeg 0 |
| TOP OF THE 7TH |
|
Hamilton Cardinals batting - Pitching for Winnipeg Goldeyes : RHP Ryan Kraemer
|
|
Pinch Hitting: RHB Seung-kab Park
|
0-0: Ball 1-0: Ball 2-0: Called Strike 2-1: Ground out 6-3 (Groundball, 56, EV 77.5 MPH)
|
|
Batting: RHB Kyle Franken
|
0-0: SINGLE (Flyball, 89S, EV 88.1 MPH)
|
|
Batting: RHB Matt Shaw
|
0-0: Reached on error, E5 (Groundball, 56, EV 86.9 MPH) Kyle Franken to second
|
|
Pitching: RHP Josh Dusek
|
|
|
Batting: RHB Oscar Higareda
|
0-0: Fly out, F5 (Popup, 5SF, EV 84.4 MPH)
|
|
Batting: SHB J.T. Ready
|
0-0: Called Strike 0-1: Ball 1-1: Foul Ball, location: 2F 1-2: Foul Ball, location: 2F 1-2: Foul Ball, location: 2F 1-2: Strikes out swinging
|
| Top of the 7th over - 0 runs, 1 hit, 1 error, 2 left on base; Hamilton 7 - Winnipeg 0 |
| BOTTOM OF THE 7TH |
|
Winnipeg Goldeyes batting - Pitching for Hamilton Cardinals : LHP J.T. Ready
|
|
Now at 3B: Seung-kab Park
|
|
|
Batting: RHB Yu-zeng Mai
|
0-0: Ball 1-0: Ground out 5-3 (Groundball, 56, EV 97.5 MPH)
|
|
Batting: SHB Victor Turrubiate
|
0-0: Ball 1-0: SINGLE (Groundball, 56D, EV 96.9 MPH)
|
|
Pinch Hitting: RHB Gary Smith
|
0-0: Ball 1-0: SINGLE (Groundball, 56D, EV 93.8 MPH) Victor Turrubiate to second
|
|
Pitching: RHP Daniel Boulter
|
|
|
Batting: RHB Alejandro de Jesus
|
0-0: Called Strike 0-1: Ball 1-1: Ball 2-1: Ball 3-1: Base on Balls Victor Turrubiate to third Gary Smith to second
|
|
Batting: RHB Ned Scovell
|
0-0: Ball 1-0: Ball 2-0: Called Strike 2-1: SINGLE (Line Drive, 6MD, EV 103.8 MPH) Victor Turrubiate scores Gary Smith to third Alejandro de Jesus to second
|
|
Batting: RHB Calvin Day
|
0-0: Foul Ball, location: 2F 0-1: Called Strike 0-2: Foul Ball, location: 2F 0-2: Ball 1-2: Ball 2-2: Strikes out swinging
|
|
Batting: RHB Andy Valenzuela
|
0-0: Called Strike 0-1: Ground out 1-3 (Groundball, P, EV 72.5 MPH)
|
| Bottom of the 7th over - 1 run, 3 hits, 0 errors, 3 left on base; Hamilton 7 - Winnipeg 1 |
| TOP OF THE 8TH |
|
Hamilton Cardinals batting - Pitching for Winnipeg Goldeyes : RHP Josh Dusek
|
|
Now at 1B: Fernando Membreno
|
|
|
Batting: SHB Brad Meyer
|
0-0: Ball 1-0: Foul Ball, location: 2F 1-1: Ball 2-1: Ball 3-1: Foul Ball, location: 2F 3-2: Base on Balls
|
|
Batting: SHB Felipe Campanella
|
0-0: Ball 1-0: Called Strike 1-1: Foul Ball, location: 2F 1-2: Foul Ball, location: 2F 1-2: Foul Ball, location: 2F 1-2: Strikes out swinging
|
|
Batting: SHB Kelly Brooks
|
0-0: Fly out, F9 (Flyball, 89M, EV 86.2 MPH)
|
|
Batting: LHB Rafael Banda
|
0-0: Swinging Strike 0-1: Foul Ball, location: 2F 0-2: Foul Ball, location: 2F 0-2: Fly out, F8 (Line Drive, 89D, EV 110.0 MPH)
|
| Top of the 8th over - 0 runs, 0 hits, 0 errors, 1 left on base; Hamilton 7 - Winnipeg 1 |
| BOTTOM OF THE 8TH |
|
Winnipeg Goldeyes batting - Pitching for Hamilton Cardinals : RHP Daniel Boulter
|
|
Batting: RHB Ricky Saucedo
|
0-0: Ball 1-0: Fly out, F8 (Line Drive, 8RM, EV 100.6 MPH)
|
|
Pinch Hitting: LHB Dave Bertheau
|
0-0: Swinging Strike 0-1: Foul Ball, location: 2F 0-2: Strikes out looking
|
|
Batting: RHB Yu-zeng Mai
|
0-0: Ball 1-0: Fly out, F8 (Line Drive, 8RM, EV 91.9 MPH)
|
| Bottom of the 8th over - 0 runs, 0 hits, 0 errors, 0 left on base; Hamilton 7 - Winnipeg 1 |
| TOP OF THE 9TH |
|
Hamilton Cardinals batting - Pitching for Winnipeg Goldeyes : RHP Josh Dusek
|
|
Now at 2B: Ned Scovell
|
|
|
Now in LF: Dave Bertheau
|
|
|
Batting: RHB Seung-kab Park
|
0-0: Ball 1-0: Ball 2-0: Called Strike 2-1: Ball 3-1: Called Strike 3-2: Strikes out swinging
|
|
Batting: RHB Kyle Franken
|
0-0: Foul Ball, location: 2F 0-1: Ball 1-1: Called Strike 1-2: Ball 2-2: Ball 3-2: Base on Balls
|
|
Pitching: RHP Gregg Edwards
|
|
|
Pinch Hitting: RHB Arnold Schuler
|
0-0: Ball 1-0: Called Strike 1-1: Foul Ball, location: 2F 1-2: Ball 2-2: SINGLE (Flyball, 34D, EV 91.9 MPH) Kyle Franken to second
|
|
Pinch Hitting: LHB Pete Mitchell
|
0-0: Called Strike 0-1: Foul Ball, location: 2F 0-2: Ball 1-2: Ball 2-2: Strikes out swinging
|
|
Batting: SHB J.T. Ready
|
0-0: Ball 1-0: Ground out U3 (Groundball, 34D, EV 100.0 MPH)
|
| Top of the 9th over - 0 runs, 1 hit, 0 errors, 2 left on base; Hamilton 7 - Winnipeg 1 |
| BOTTOM OF THE 9TH |
|
Winnipeg Goldeyes batting - Pitching for Hamilton Cardinals : RHP Daniel Boulter
|
|
Now at 2B: Dan Wages
|
|
|
Now in RF: Pete Mitchell
|
|
|
Batting: SHB Victor Turrubiate
|
0-0: Ball 1-0: Foul Ball, location: 2F 1-1: DOUBLE (Line Drive, 89D, EV 105.6 MPH)
|
|
Pinch Hitting: RHB Mitsuhiro Kobayashi
|
0-0: Foul Ball, location: 2F 0-1: Foul Ball, location: 2F 0-2: Ball 1-2: Ground out 5-3 (Groundball, 56S, EV 65.0 MPH) Victor Turrubiate to third
|
|
Batting: RHB Alejandro de Jesus
|
0-0: Called Strike 0-1: Ball 1-1: Ball 2-1: Foul Ball, location: 2F 2-2: Ball 3-2: Strikes out swinging
|
|
Batting: RHB Ned Scovell
|
0-0: Ball 1-0: Called Strike 1-1: Foul Ball, location: 2F 1-2: SINGLE (Groundball, 6D, EV 95.6 MPH) Victor Turrubiate scores
|
|
Batting: RHB Calvin Day
|
0-0: Foul Ball, location: 2F 0-1: Ball 1-1: Ground out 1-3 (Groundball, 15S, EV 60.0 MPH)
|
| Bottom of the 9th over - 1 run, 2 hits, 0 errors, 1 left on base; Hamilton 7 - Winnipeg 2 |
|